 Dungeon Crawl Stone Soup version 0.21.1-1-g345015f (webtiles) character file.

3392 robertstho the Magician (level 9, -11/69 (70) HPs)
             Began as a White Draconian Earth Elementalist on Feb 7, 2018.
             Was a Believer of Vehumet.
             Mangled by a big kobold
             ... wielding a +4 great mace of draining
              (15 damage)
             ... on level 7 of the Dungeon.
             The game lasted 00:36:27 (8021 turns).

robertstho the Magician (DrEE)                      Turns: 8021, Time: 00:36:27

HP:   -11/69 (70)   AC:  8    Str: 11    XL:     9   Next: 75%
MP:   0/20          EV: 12    Int: 26    God:    Vehumet [**....]
Gold: 258           SH:  0    Dex: 11    Spells: 11/23 levels left

rFire    . . .     SeeInvis .   e - +4 whip of the Madman {drain, rElec rN+ Int+3 Stlth-}
rCold    + . .     Gourm    .   (no shield)
rNeg     + . .     Faith    .   (armour unavailable)
rPois    .         Spirit   .   (helmet restricted)
rElec    +         Reflect  .   (no cloak)
rCorr    .         Harm     .   t - +0 pair of gloves
MR       .....                  (no boots)
Stlth    ..........             (no amulet)
HPRegen  0.21/turn              B - +4 ring of intelligence
MPRegen  0.17/turn              w - ring of loudness

@: about to teleport, very slightly contaminated, drained, invisible
A: breathe frost, unfitting armour, cold resistance 1, cold-blooded, AC +7
a: Breathe Frost, Renounce Religion


You were on level 7 of the Dungeon.
You worshipped Vehumet.
Vehumet was pleased with you.
You were hungry.

You visited 2 branches of the dungeon, and saw 9 of its levels.

You collected 258 gold pieces.

Inventory:

Hand Weapons
 a - a +0 whip
 e - the +4 whip of the Madman (weapon) {drain, rElec rN+ Int+3 Stlth-}
   (You found it on level 5 of the Dungeon)

   A truly terrible weapon, it drains the life of those it strikes.
   It affects your intelligence (+3).
   It insulates you from electricity.
   It protects you from negative energy.
   It makes you less stealthy.
 h - a +1 whip
 k - a +0 short sword
 o - a +1 hunting sling
Missiles
 b - 52 sling bullets
 i - 12 bolts
 z - 52 stones (quivered)
Armour
 t - a +0 pair of gloves (worn)
Jewellery
 l - a +5 ring of strength
 p - an uncursed ring of fire
 q - an uncursed ring of fire
 w - a ring of loudness (right hand)
 B - a +4 ring of intelligence (left hand)
Wands
 v - a wand of digging (16)
 y - a wand of acid (8)
 A - a wand of random effects (36)
Scrolls
 f - 3 scrolls of enchant weapon
 j - 4 scrolls of amnesia
 s - 2 scrolls of blinking {unknown}
 u - 2 scrolls of enchant armour {unknown}
 x - a scroll of magic mapping {unknown}
 C - 2 scrolls of identify
 D - 2 scrolls of teleportation
Potions
 g - a potion of invisibility
 m - a potion of brilliance
 n - a potion of resistance
Books
 d - a book of Geomancy

   Spells                             Type                      Level
   a - Sandblast                      Earth                        1
   b - Passwall                       Transmutation/Earth          2
   c - Stone Arrow                    Conjuration/Earth            3
   d - Petrify                        Transmutation/Earth          4
   e - Lee's Rapid Deconstruction     Earth                        5
 G - a book of Necromancy

   Spells                             Type                      Level
   a - Pain                           Necromancy                   1
   b - Animate Skeleton               Necromancy                   1
   c - Vampiric Draining              Necromancy                   3
   d - Regeneration                   Charms/Necromancy            3
   e - Animate Dead                   Necromancy                   4
   f - Borgnjor's Vile Clutch         Necromancy/Earth             5
 H - a book of Clouds

   Spells                             Type                      Level
   a - Poisonous Vapours              Poison/Air                   2
   b - Mephitic Cloud                 Conjuration/Poison/Air       3
   c - Conjure Flame                  Conjuration/Fire             3
   d - Freezing Cloud                 Conjuration/Ice/Air          6
   e - Ring of Flames                 Charms/Fire                  7
Miscellaneous
 E - a lamp of fire
Comestibles
 c - 6 rations
 F - 7 chunks of flesh


   Skills:
 + Level 3.6(2.9) Fighting
 + Level 6.1(5.4) Maces & Flails
 + Level 0.5(0.0) Slings
 - Level 1.7(1.1) Dodging
 - Level 1.7(1.1) Stealth
 * Level 7.7(7.0) Spellcasting
 + Level 3.5(2.8) Conjurations
 + Level 1.0(0.3) Transmutations
 * Level 2.5(1.9) Fire Magic
 * Level 7.5(6.7) Earth Magic


You had 11 spell levels left.
You knew the following spells:

 Your Spells              Type           Power        Failure   Level  Hunger
a - Sandblast             Erth           #####.       1%          1    None
b - Stone Arrow           Conj/Erth      ####..       2%          3    None
c - Passwall              Tmut/Erth      ####......   2%          2    None
d - Lee's Rapid Deconstr  Erth           #####.....   11%         5    #####..
e - Flame Tongue          Conj/Fire      ###..        2%          1    None


Dungeon Overview and Level Annotations

Branches:
Dungeon (8/15)             Temple (1/1) D:4
   Lair: D:8-11

Altars:
Ashenzari
Dithmenos
Elyvilon
Fedhas
Gozag
Makhleb
Nemelex Xobeh
Okawaru
Ru
Vehumet
Wu Jian
Xom
Yredelemnul
Zin
The Shining One

Annotations:
D:3 Ijyb
D:4 Dowan, Duvessa, Eustachio


Innate Abilities, Weirdness & Mutations

You can breathe waves of freezing cold.
You can buffet flying creatures when you breathe cold.
Your icy white scales are hard. (AC +7)
You cannot fit into any form of body armour.
Your flesh is cold resistant. (rC+)
You are cold-blooded and may be slowed by cold attacks.


Message History

Okay, then.
Casting: Lee's Rapid Deconstruction
Confirm with . or Enter, or press ? or * to list all spells.
Aiming: Stone Arrow
Press: ? - help, Shift-Dir - straight line, f - bullfrog skeleton
Aim: a bullfrog skeleton (hasn't noticed you)
The stone arrow hits the bullfrog skeleton.
The bullfrog skeleton is moderately damaged.
The bullfrog skeleton closely misses you.
The big kobold hits you with a great mace of draining!
* * * LOW HITPOINT WARNING * * *
You partially resist.
You feel drained.
You hit the bullfrog skeleton.
The bullfrog skeleton is heavily damaged.
The bullfrog skeleton closely misses you.
You hit the bullfrog skeleton.
The bullfrog skeleton is severely damaged.
The bullfrog skeleton misses you.
The big kobold hits you with a great mace of draining!
You die...

#.....# #. .#.
#.#.#
###.####. # .
##.##
#.....#.## .
#. #.....#..##
.#.
......#......#
...
...#.....#9.##
#.
....#.....#o##
#. .#.
###.####K## #.
. ... ##@# #
..#9 ##Z....#
.n#.. ##.###
.#. .$ ## # #
.. ....


You could see an orc warrior, a gargoyle, a big kobold and a bullfrog skeleton.

Vanquished Creatures
  Grinder (D:4)
  Prince Ribbit (D:6)
  2 hippogriffs (D:7)
  An ice beast (D:6)
  A black bear (D:7)
  A sky beast (D:6)
  A phantom (D:5)
  2 necrophages (D:7)
  5 ogres
  2 centaurs
  A scorpion (D:5)
  3 crimson imps
  2 jellies
  3 bullfrog zombies
  4 orc priests
  3 bullfrog skeletons
  5 hounds
  7 orc wizards
  2 centaur skeletons (D:4)
  Jessica (D:2)
  3 iguanas
  Natasha (twice) (D:3)
  7 worker ants
  A hound zombie (D:6)
  2 hound skeletons
  A worker ant zombie (D:7)
  9 adders
  A howler monkey skeleton (D:6)
  6 shadow imps
  An ooze (D:2)
  An adder skeleton (D:3)
  A worm (D:4)
  5 dart slugs
  4 leopard geckos
  22 orcs
  A giant cockroach (D:1)
  6 goblins
  7 hobgoblins
  10 jackals
  A quokka (D:2)
  A ball python skeleton (D:4)
  4 bats
  6 kobolds
  A leopard gecko skeleton (D:6)
  A quokka zombie (D:5)
  5 rats
157 creatures vanquished.

Notes
Turn   | Place    | Note
-------+----------+-------------------------------------------
     0 | D:1      | robertstho the Draconian Earth Elementalist began the quest for the Orb.
     0 | D:1      | Reached XP level 1. HP: 14/14 MP: 3/3
   139 | D:1      | Reached XP level 2. HP: 20/20 MP: 1/5
   484 | D:1      | Reached XP level 3. HP: 13/26 MP: 0/6
   992 | D:2      | Found an opulent altar of Gozag.
  1251 | D:2      | Noticed Jessica
  1254 | D:2      | Killed Jessica
  1423 | D:2      | Reached XP level 4. HP: 22/33 MP: 8/8
  1923 | D:3      | Reached skill level 1 in Maces & Flails
  2043 | D:3      | Noticed Natasha
  2045 | D:3      | Killed Natasha
  2090 | D:3      | Reached XP level 5. HP: 35/39 MP: 3/10
  2441 | D:3      | Noticed Ijyb
  2459 | D:3      | Noticed Natasha
  2464 | D:3      | Killed Natasha
  2464 | D:3      | Reached XP level 6. HP: 37/46 MP: 1/12
  2508 | D:4      | Found a staircase to the Ecumenical Temple.
  2543 | Temple   | Entered the Ecumenical Temple
  2824 | Temple   | Became a worshipper of Vehumet
  2841 | Temple   | Learned a level 3 spell: Stone Arrow
  2844 | Temple   | Learned a level 2 spell: Passwall
  2850 | Temple   | Learned a level 5 spell: Lee's Rapid Deconstruction
  2859 | D:4      | Noticed Eustachio
  2871 | D:4      | Reached skill level 1 in Fighting
  2925 | D:4      | Reached skill level 5 in Earth Magic
  3060 | D:4      | Noticed Duvessa
  3062 | D:4      | Noticed Dowan
  3599 | D:4      | Reached skill level 5 in Spellcasting
  3770 | D:4      | Noticed Grinder
  3790 | D:4      | Killed Grinder
  3790 | D:4      | Reached skill level 1 in Conjurations
  3790 | D:4      | Your scales start taking on an icy white colour.
  3790 | D:4      | Reached XP level 7. HP: 18/52 MP: 0/15
  3790 | D:4      | Gained mutation: Your flesh is cold resistant. (rC+) [White Draconian growth]
  4072 | D:5      | Entered Level 5 of the Dungeon
  4072 | D:5      | Found an ornate altar of the Wu Jian Council.
  4082 | D:5      | Got a transparent whip
  4084 | D:5      | Identified the +4 whip of the Madman {drain, rElec rN+ Int+3 Stlth-} (You found it on level 5 of the Dungeon)
  4615 | D:5      | Reached XP level 8. HP: 16/60 MP: 12/16
  5034 | D:5      | Reached * piety under Vehumet
  5034 | D:5      | Offered knowledge of Flame Tongue by Vehumet.
  5037 | D:5      | Learned a level 1 spell: Flame Tongue
  6019 | D:6      | Noticed Prince Ribbit
  6045 | D:6      | Killed Prince Ribbit
  6310 | D:6      | Reached skill level 1 in Fire Magic
  6462 | D:6      | Reached skill level 5 in Maces & Flails
  6476 | D:6      | Reached XP level 9. HP: 68/68 MP: 6/19
  6476 | D:6      | Offered knowledge of Freeze by Vehumet.
  6994 | D:7      | Reached ** piety under Vehumet
  8004 | D:7      | Noticed a gargoyle
  8019 | D:7      | HP: 3/69 [big kobold/great mace of draining (7)]
  8021 | D:7      | Mangled by a big kobold

Skill      XL: |  1  2  3  4  5  6  7  8  9 |
---------------+----------------------------+-----
Spellcasting   | 3 4 5 6 7 |  7.7
Earth Magic    | 4 5 6 7 |  7.5
Maces & Flails | 1 2 3 5 6 |  6.1
Fighting       | 1 2 3 |  3.6
Conjurations   | 1 2 3 |  3.5
Fire Magic     | 1 2 |  2.5
Slings         | |  0.5
Dodging        | |  1.7
Stealth        | |  1.7
Transmutations | |  1.0

Action                   |  1- 3 |  4- 6 |  7- 9 || total
-------------------------+-------+-------+-------++-------
Melee: Whip              |    70 |   116 |   324 ||   510
       Tailslap          |     8 |    13 |    41 ||    62
 Fire: Hunting sling     |       |       |     7 ||     7
 Cast: Sandblast         |    23 |    37 |       ||    60
       Stone Arrow       |       |    23 |    31 ||    54
       Flame Tongue      |       |       |    65 ||    65
       Lee's Rapid Decon |       |       |    10 ||    10
  Use: Scroll            |       |     8 |     5 ||    13
       Potion            |       |     7 |     3 ||    10
 Stab: Sleeping          |     3 |     4 |       ||     7
  Eat: Chunk             |     2 |     3 |     8 ||    13
       Ration            |       |     2 |     3 ||     5
Armor: Skin              |    30 |    39 |   140 ||   209
Dodge: Dodged            |    50 |   103 |   239 ||   392
